Map: Overgrowth LE (Void)

Players

Leozito - Winner!

  • Race: Terran Terran
  • League: Platinum
  • Spawn Location: 1:00

Fropez

  • Race: Protoss Protoss
  • League: Gold
  • Spawn Location: 7:00

VOD

Have the link to the VOD?

Description

Time

  • Played on: Dec. 24, 2016, 2:36 p.m.
  • Length: 5:21
Show
View Real Time Build Order
Export as new Build Order

Leozito Terran - Winner!

Build Orders:  

Get SALT Encoding   

  12  0:01  SCV  
  13  0:13  SCV  
  14  0:18  Supply Depot  
  14  0:25  SCV  
  15  0:39  SCV  
  15  0:41  Barracks  
  16  0:47  Refinery  
  16  0:52  SCV  
  17  1:05  Barracks  
  17  1:06  SCV  
  18  1:18  SCV  
  19  1:29  Marine  
  20  1:34  Orbital Command  
  20  1:47  Barracks Tech Lab  
  20  2:00  Barracks Tech Lab, Barracks  
  20  2:01  Barracks  
  20  2:05  SCV  
  21  2:11  Concussive Shells  
  21  2:17  Marauder  
  23  2:28  Supply Depot  
  23  2:47  Barracks Reactor, Supply Depot  
  23  2:48  Barracks Reactor  
  23  2:50  SCV, Marauder  
  26  2:55  Marauder  
  28  3:11  Supply Depot  
  28  3:14  Marauder, Engineering Bay  
  28  3:17  Marauder  
  32  3:25  Marine, Supply Depot  
  32  3:26  Marine x2  
  32  3:27  Marine  
  36  3:36  Marauder  
  36  3:39  Refinery  
  38  3:43  Missile Turret  
  38  3:49  Marauder  
  38  3:51  Marine  
  38  3:53  Marine  
  42  3:56  Marine  
  42  4:00  Marine  
  42  4:02  Marine  
  45  4:17  Marine x4  
  49  4:27  Supply Depot  
  49  4:34  Marine  
  50  4:43  Marine x2  
  49  5:01  Marine  
Show
View Real Time Build Order
Export as new Build Order

Fropez Protoss 

Build Orders: 1 Gate Expand, Oracle Opening 

Get SALT Encoding   

  12  0:01  Probe (Chrono Boost)  
  13  0:11  Probe (Chrono Boost)  
  14  0:23  Pylon  
  14  0:24  Probe (Chrono Boost)  
  15  0:40  Assimilator  
  15  0:41  Probe (Chrono Boost)  
  16  0:44  Gateway  
  16  0:51  Probe (Chrono Boost)  
  17  1:02  Probe (Chrono Boost)  
  18  1:10  Pylon  
  18  1:13  Probe (Chrono Boost)  
  19  1:23  Probe (Chrono Boost)  
  20  1:34  Probe (Chrono Boost)  
  21  1:41  Nexus  
  21  1:44  Probe (Chrono Boost)  
  22  1:55  Cybernetics Core  
  22  1:57  Probe (Chrono Boost)  
  22  2:04  Assimilator  
  22  2:08  Probe (Chrono Boost)  
  23  2:21  Probe (Chrono Boost)  
  24  2:31  Probe (Chrono Boost)  
  24  2:36  Stargate  
  26  2:44  Probe (Chrono Boost)  
  26  2:45  Warp Gate  
  26  2:51  Pylon  
  26  2:54  Adept  
  26  2:55  Probe x2 (Chrono Boost)  
  30  3:01  Pylon  
  31  3:07  Probe (Chrono Boost)  
  31  3:09  Mothership Core (Chrono Boost)  
  33  3:14  Pylon  
  33  3:19  Probe (Chrono Boost)  
  34  3:24  Pylon  
  34  3:27  Adept, Oracle  
  34  3:29  Probe (Chrono Boost)  
  34  3:31  Probe (Chrono Boost)  
  41  3:41  Probe (Chrono Boost)  
  42  3:43  Gateway  
  42  3:48  Probe (Chrono Boost)  
  43  3:53  Probe (Chrono Boost)  
  44  3:57  Gateway  
  44  4:02  Pylon, Probe (Chrono Boost)  
  45  4:05  Probe (Chrono Boost)  
  45  4:08  Assimilator  
  46  4:14  Probe (Chrono Boost)  
  48  4:17  Probe (Chrono Boost)  
  48  4:19  Adept  
  48  4:20  Oracle  
  53  4:34  Probe x2 (Chrono Boost)  
  57  4:46  Probe x2 (Chrono Boost)  
  44  5:08  Pylon  
  44  5:09  Adept x2  
Tags
 
Add a new tag
Caveats
  • Supply blocks, unpowered buildings, or Contaminate may cause inaccurate times.
  • Supply counts are checked every 10 seconds.